 Dungeon Crawl Stone Soup version 0.26.0-10-g1f06aea511 (webtiles) character file.

Game seed: 4603765945047370806

4824 Arum the Thaumaturge (level 10, -8/63 HPs)
             Began as a Formicid Conjurer on Jan 22, 2021.
             Was a Priest of Vehumet.
             Mangled by a troll (9 damage)
             ... on level 9 of the Dungeon.
             The game lasted 00:29:12 (11912 turns).

Arum the Thaumaturge (Formicid Conjurer)           Turns: 11912, Time: 00:29:13

Health: -8/63      AC:  4    Str: 11    XL:     10   Next: 77%
Magic:  15/23      EV: 12    Int: 22    God:    Vehumet [***...]
Gold:   573        SH:  0    Dex: 15    Spells: 14/27 levels left

rFire    . . .     SeeInvis +   d - staff of earth
rCold    . . .     Faith    .   (no shield)
rNeg     . . .     Spirit   .   n - +0 robe
rPois    .         Reflect  .   (helmet unavailable)
rElec    .         Harm     .   (no cloak)
rCorr    .         Rampage  .   B - +0 pair of gloves
Will     +....                  a - +0 pair of boots
Stlth    ++........             (no amulet)
HPRegen  0.20/turn              r - +6 ring of dexterity
MPRegen  0.18/turn              (no ring)

@: no status effects
A: permanent stasis, dig shafts and tunnels, four strong arms, antennae 3
a: Dig, Shaft Self, Renounce Religion


You were on level 9 of the Dungeon.
You worshipped Vehumet.
Vehumet was most pleased with you.
You visited 1 branch of the dungeon, and saw 9 of its levels.
You also visited: Ossuary.

You collected 573 gold pieces.

Inventory:

Missiles
 t - 214 stones
Armour
 a - a +0 pair of boots (worn)
 n - a +0 robe (worn)
 y - the cursed +0 leather armour "Zoef Jia" {+Inv}
   (You found it on level 5 of the Dungeon)

   It lets you turn invisible.
   It has a curse placed upon it.
 B - a +0 pair of gloves (worn)
 G - the +9 scale mail of Disappointment {rPois Regen+, unknown}
   (You found it on level 8 of the Dungeon)

   It protects you from poison.
   It increases your rate of regeneration.
Magical Staves
 d - an uncursed staff of earth (weapon)
 J - a cursed staff of death
Jewellery
 r - a +6 ring of dexterity (left hand)
Wands
 q - a wand of acid (15)
 s - a wand of digging (3)
 v - a wand of flame (44)
 H - a wand of iceblast (8)
Scrolls
 c - 5 scrolls of fear
 f - 6 scrolls of remove curse
 h - 2 scrolls of enchant weapon
 i - 2 scrolls of amnesia
 l - 6 scrolls of teleportation {unknown}
 x - 3 scrolls of immolation {unknown}
 C - 2 scrolls of identify
 D - 2 scrolls of enchant armour {unknown}
 F - a scroll of magic mapping
Potions
 b - a potion of haste
 e - 2 potions of berserk rage
 g - 2 potions of resistance
 j - 11 potions of curing
 k - a potion of magic {unknown}
 m - a potion of mutation
 o - a potion of attraction {unknown}
 p - 5 potions of heal wounds
 u - 5 potions of brilliance
 w - 2 potions of flight
 z - 4 potions of might
 A - 2 potions of lignification {unknown}
 E - a potion of invisibility {unknown}
 I - a potion of cancellation {unknown}


   Skills:
 - Level 1.7 Dodging
 - Level 2.4 Stealth
 + Level 9.1 Spellcasting
 + Level 8.2 Conjurations
 * Level 6.3 Fire Magic
 - Level 8.0 Earth Magic


You had 14 spell levels left.
You knew the following spells:

 Your Spells              Type           Power        Failure   Level
a - Magic Dart            Conj           100%         1%          1
b - Dazzling Flash        Conj/Hex       56%          1%          3
c - Sandblast             Erth           100%         1%          1
d - Fireball              Conj/Fire      21%          2%          5
e - Stone Arrow           Conj/Erth      100%         1%          3

Your spell library contained the following spells:

 Spells                   Type           Power        Failure   Level
 Foxfire                  Conj/Fire      100%         1%          1
 Searing Ray              Conj           92%          1%          2
 Conjure Flame            Conj/Fire      42%          1%          3
 Inner Flame              Hex/Fire       24%          1%          3
 Sticky Flame             Conj/Fire      42%          1%          4
 Fulminant Prism          Conj/Hex       14%          3%          4
 Iskenderun's Mystic Bla  Conj/Tloc      28%          3%          4


Dungeon Overview and Level Annotations

Branches:
Dungeon (9/15)             Temple (0/1) D:6         Ossuary (visited)
   Lair: D:8-11         Orc: D:9-12

Altars:
Cheibriados
Dithmenos
Hepliaklqana
Okawaru
Qazlal
Ru
Trog
Vehumet
Xom
The Shining One

Shops:
D:7 (

Annotations:
D:7 2 transporters, exclusion: ice statue, Killmatronix's ghost, novice OpHu


Innate Abilities, Weirdness & Mutations

You cannot be hasted, slowed, berserked, paralysed or teleported.
You can dig through walls and to a lower floor.
Your four strong arms can wield two-handed weapons with a shield.
You have a pair of large antennae on your head. (SInv)


Message History

The troll is almost dead.
t - 214 stones The troll bites you!!
The troll claws you! The troll completely misses you.
Casting: Sandblast (safe; 1% risk of failure)
Confirm with . or Enter, or press ? or * to list all spells.
The troll is dazzled.
The troll bites you.
* * * LOW HITPOINT WARNING * * *
The troll closely misses you. The troll claws you.
* * * LOW HITPOINT WARNING * * *
Unknown command.
Casting: Dazzling Flash (safe; 1% risk of failure)
Confirm with . or Enter, or press ? or * to list all spells.
Aiming: Stone Arrow (safe; 1% risk of failure)
Press: ? - help, Shift-Dir - straight line, f/p - troll
Aim: a troll (black smoke, severely wounded, blind, 22% to evade)
You feel a surge of power!
The stone arrow misses the troll.
The troll bites you!
* * * LOW HITPOINT WARNING * * *
The troll misses you. The troll claws you!
You die...

#.......# ##...#
#.......### #§....#
#.......'..
§...§§§##.......#
§§§..§§§§#.......#
.§...§.§.........#
§§._).....#'#####
§§.......#...#
§§§..§T@#####.#####
§.§..§§## #.....†.#
#§...§#####.......#
### #...#
#.#.......# #..
......
#.........####..
....#
###.......#..'..
.... #.........##..
... #.......####..
.. ###.##### ###


You could see a troll (blind).

Vanquished Creatures
  Pikel (D:8)
  An ugly thing (D:8)
  A cyclops (D:8)
  Eustachio (D:6)
  Menkaure (D:4)
  Edmund (D:5)
  A black bear (D:9)
  2 ice beasts
  2 orc warriors
  2 phantoms
  2 ogres
  A necrophage (D:9)
  3 centaurs
  3 lemures (D:8)
  2 bullfrogs
  2 scorpions
  5 wights (D:9)
  5 killer bees (D:9)
  A howler monkey (D:6)
  4 bullfrog zombies
  2 hounds
  4 orc priests
  2 bullfrog skeletons
  A gnoll shaman (D:4)
  A centaur skeleton (D:7)
  Jessica (D:2)
  7 iguanas
  2 orc wizards
  Terence (D:3)
  4 worker ants
  A hound skeleton (D:5)
  13 mummies
  Robin (D:2)
  A howler monkey zombie (Ossuary)
  2 worker ant zombies (Ossuary)
  3 gnolls (D:4)
  11 adders
  2 shadow imps
  2 white imps (D:6)
  3 adder zombies (Ossuary)
  An adder skeleton (D:6)
  A worm (D:2)
  3 dart slugs
  2 leopard geckos
  15 orcs
  A ball python (D:7)
  6 giant cockroaches
  10 hobgoblins
  6 jackals
  6 kobolds
  5 quokkas
  4 bats
  4 frilled lizards
  22 goblins
  2 hobgoblin zombies (D:4)
  2 jackal zombies (Ossuary)
  A kobold zombie (D:4)
  A leopard gecko zombie (Ossuary)
  An orc zombie (D:4)
  A quokka skeleton (D:7)
  5 quokka zombies
  9 rats
213 creatures vanquished.

Vanquished Creatures (others)
  An orc (D:3)
  10 withered plants (Ossuary)
11 creatures vanquished.

Grand Total: 224 creatures vanquished

Notes
Turn   | Place    | Note
-------+----------+-------------------------------------------
     0 | D:1      | Arum the Formicid Conjurer began the quest for the Orb.
     0 | D:1      | Reached XP level 1. HP: 13/13 MP: 3/3
   283 | D:1      | Reached XP level 2. HP: 19/19 MP: 0/5
   957 | D:1      | Reached XP level 3. HP: 24/24 MP: 5/7
  1060 | D:2      | Noticed Robin
  1131 | D:2      | Reached skill level 3 in Spellcasting
  1294 | D:2      | Noticed Jessica
  1296 | D:2      | Killed Jessica
  1297 | D:2      | Reached XP level 4. HP: 15/30 MP: 5/9
  1589 | D:2      | Learned a level 3 spell: Dazzling Flash
  1946 | D:2      | Killed Robin
  1947 | D:2      | Reached XP level 5. HP: 19/35 MP: 0/10
  2371 | D:2      | Found a radiant altar of Vehumet.
  2381 | D:2      | Became a worshipper of Vehumet
  2689 | D:3      | Reached skill level 4 in Spellcasting
  3195 | D:3      | Reached skill level 5 in Conjurations
  3230 | D:3      | Reached XP level 6. HP: 22/41 MP: 0/12
  3292 | D:3      | Reached * piety under Vehumet
  3292 | D:3      | Offered knowledge of Sandblast by Vehumet.
  3328 | D:3      | Learned a level 1 spell: Sandblast
  3985 | D:3      | Noticed Terence
  4074 | D:3      | Killed Terence
  4247 | D:3      | Found a faded altar of an unknown god.
  4251 | D:3      | Reached skill level 1 in Earth Magic
  4534 | D:4      | Noticed Menkaure
  4545 | D:4      | Killed Menkaure
  4546 | D:4      | Reached XP level 7. HP: 15/46 MP: 2/14
  4817 | D:4      | Found a shimmering altar of Xom.
  4818 | D:4      | Found a hazy altar of Hepliaklqana.
  4819 | D:4      | Noticed a spectral ugly thing
  4819 | D:4      | Noticed a soldier ant
  5205 | D:4      | Reached skill level 5 in Spellcasting
  5829 | D:5      | Entered Level 5 of the Dungeon
  5884 | D:5      | Found a stormy altar of Qazlal.
  5943 | D:5      | Found a sand-covered staircase.
  5983 | Ossuary  | Entered an ossuary
  6123 | Ossuary  | Reached ** piety under Vehumet
  6153 | Ossuary  | Offered knowledge of Shock by Vehumet.
  6202 | Ossuary  | Reached XP level 8. HP: 52/52 MP: 6/16
  6205 | Ossuary  | Reached skill level 5 in Earth Magic
  6778 | D:5      | Identified a scroll of acquirement
  6778 | D:5      | Acquired an uncursed staff of earth
  6979 | D:5      | Reached skill level 6 in Spellcasting
  7049 | D:5      | Got a buzzing leather armour
  7071 | D:5      | Noticed Edmund
  7078 | D:5      | Killed Edmund
  7474 | D:6      | Reached XP level 9. HP: 57/57 MP: 12/19
  7517 | D:6      | Found a staircase to the Ecumenical Temple.
  7537 | D:6      | Noticed Eustachio
  7547 | D:6      | Killed Eustachio
  7548 | D:6      | Reached skill level 7 in Spellcasting
  7896 | D:6      | Offered knowledge of Mephitic Cloud by Vehumet.
  8045 | D:6      | Found an iron altar of Okawaru.
  8371 | D:6      | Learned a level 5 spell: Fireball
  8470 | D:7      | Reached *** piety under Vehumet
  8502 | D:7      | Found a transporter.
  8505 | D:7      | Noticed a two-headed ogre
  8531 | D:7      | Noticed Killmatronix's ghost (novice OpHu)
  8532 | D:7      | Noticed a kobold demonologist
  8540 | D:7      | Noticed an ice statue
  8555 | D:7      | Found Eboemp's Weapon Shoppe.
  8586 | D:7      | Reached skill level 1 in Fire Magic
  8903 | D:7      | Reached skill level 8 in Spellcasting
  9006 | D:7      | Found a sacrificial altar of Ru.
  9067 | D:7      | Found a transporter.
  9187 | D:7      | Found a glowing golden altar of the Shining One.
  9872 | D:8      | Noticed a cyclops
  9885 | D:8      | Killed a cyclops
  9886 | D:8      | Reached XP level 10. HP: 63/63 MP: 4/22
  9999 | D:8      | Got a steaming scale mail
 10000 | D:8      | Identified the cursed +0 leather armour "Zoef Jia" {+Inv}
                  | (You found it on level 5 of the Dungeon)
 10074 | D:8      | Found a bloodstained altar of Trog.
 10285 | D:8      | Noticed Pikel
 10321 | D:8      | Killed Pikel
 10322 | D:8      | Reached skill level 5 in Fire Magic
 10573 | D:8      | Noticed a green ugly thing
 10578 | D:8      | Killed a green ugly thing
 10766 | D:8      | Noticed a skeletal warrior
 11441 | D:9      | Offered knowledge of Stone Arrow by Vehumet.
 11447 | D:9      | Learned a level 3 spell: Stone Arrow
 11551 | D:9      | Reached skill level 9 in Spellcasting
 11698 | D:9      | Found a snail-covered altar of Cheibriados.
 11902 | D:9      | Found a shadowy altar of Dithmenos.
 11912 | D:9      | HP: 1/63 [troll (17)]
 11912 | D:9      | Mangled by a troll

Illustrated notes

Levels and vault maps discovered:
D:1:      lightli_arrival_quake, layout_loops_cross
D:2:      layout_loops_ring, old_standard_altar, uniq_jessica, uniq_robin
D:3:      layout_loops_ring, chequers_ecumenical_altar_simple_redux,
          uniq_terence, uniq_crazy_yiuf_cottage
D:4:      layout_gridville, regret_index_temple_of_mockery, minmay_mini_ossuary,
          uniq_menkaure
D:5:      layout_loops_ring, nicolae_qazlal_general_emergency, enter_ossuary_2,
          uniq_edmund
D:6:      minmay_inner_zag, layout_basic, marbit_many_paths,
          minmay_temple_entry_grid, uniq_eustachio
D:7:      layout_loops_ring, lemuel_coloured_pillars_altar, serial_shops,
          shop_statue, nzn_ghost_randoct, nicolae_tso_carved_into_rock
D:8:      layout_basic, old_standard_altar, small_chamber_with_monster,
          minmay_three_doors, uniq_pikel
D:9:      layout_roguey, lemuel_doored_altar, nicolae_dithmenos_the_darkroom,
          minmay_misc_feat_rows

Skill      XL: |  1  2  3  4  5  6  7  8  9 10 |
---------------+-------------------------------+-----
Conjurations   | 4 5 6 7 8 |  8.2
Spellcasting   | 3 4 5 6 8 9 |  9.1
Earth Magic    | 2 4 6 8 |  8.0
Fire Magic     | 4 6 |  6.3
Dodging        | |  1.7
Stealth        | |  2.4

Action                   |  1- 3 |  4- 6 |  7- 9 | 10-12 || total
-------------------------+-------+-------+-------+-------++-------
Melee: Unarmed           |     4 |     4 |       |       ||     8
       Dagger            |       |    61 |     5 |       ||    66
 Cast: Magic Dart        |    52 |   147 |   242 |    25 ||   466
       Dazzling Flash    |       |     7 |     2 |     1 ||    10
       Sandblast         |       |       |   111 |    30 ||   141
       Fireball          |       |       |     3 |     4 ||     7
       Stone Arrow       |       |       |       |     8 ||     8
 Abil: Dig               |       |     1 |       |       ||     1
Evoke: Wand              |       |       |       |     1 ||     1
  Use: Scroll            |       |       |    15 |     1 ||    16
 Stab: Invisible         |       |     1 |       |       ||     1
Armor: Robe              |       |     8 |     9 |     5 ||    22
Dodge: Dodged            |     5 |    61 |    32 |    17 ||   115
